 Dungeon Crawl Stone Soup version 0.31-a0-728-g01b46875f1 (webtiles) character file.

Game seed: 7893672447675264728

24142 javelincjr the Covert (level 13, -5/76 HPs)
             Began as an Octopode Summoner on Sept 11, 2023.
             Was a High Priest of the Shining One.
             Slain by a skyshark (14 damage)
             ... on level 1 of the Lair of Beasts.
             The game lasted 01:35:51 (16234 turns).

javelincjr the Covert (Octopode Summoner)          Turns: 16234, Time: 01:35:52

Health: -5/76      AC:  1    Str:  7    XL:     13   Next: 11%
Magic:  6/25       EV: 17    Int: 27    God:    the Shining One [*****.]
Gold:   746        SH:  0    Dex: 14    Spells: 20/28 levels left

rFire   . . .        b - +4 dagger "Heam" {holy, rElec}
rCold   . . .        (no shield)
rNeg    + + .        (helmet restricted)
rPois   .            (no amulet)
rElec   +            n - +6 ring of intelligence
rCorr   .            (no ring)
SInv    .            (no ring)
Will    .....        (no ring)
Stlth   +++          (no ring)
HPRegen 0.32/turn    (no ring)
MPRegen 0.19/turn    (no ring)
                     (no ring)

%: no passive effects
@: very slightly contaminated, glowing
A: almost no armour, amphibious, 8 rings, camouflage 1, gelatinous body 1,
(nimble swimmer 1), tentacles
a: Renounce Religion, Divine Shield, Cleansing Flame, Summon Divine Warrior


You were on level 1 of the Lair of Beasts.
You worshipped the Shining One.
The Shining One was extremely pleased with you.
You visited 3 branches of the dungeon, and saw 12 of its levels.
You also visited: Ossuary and Bailey.

You collected 746 gold pieces.

Inventory:

Hand Weapons
 a - a +4 sling of freezing
 b - the +4 dagger "Heam" (weapon) {holy, rElec}
   (You found it on level 6 of the Dungeon)

   rElec:     It insulates you from electricity.
 h - the +1 whip "Jirghyde" {holy, Will+}
   (You found it on level 10 of the Dungeon)

   Will+:     It increases your willpower.
 s - a +0 spear
 D - a +2 halberd of freezing
 E - a +1 trident of flaming
Missiles
 w - 3 throwing nets
Armour
 F - a +0 kite shield
Jewellery
 n - a +6 ring of intelligence (left tentacle)
 H - a ring of flight
Wands
 j - a wand of paralysis (8)
 x - a wand of mindburst (7)
 y - a wand of acid (9)
 B - a wand of polymorph (21)
Scrolls
 c - 4 scrolls of enchant armour
 g - 2 scrolls of torment
 i - a scroll of blinking
 l - 2 scrolls of fog
 m - 3 scrolls of revelation
 p - 7 scrolls of teleportation
 A - a scroll of vulnerability
 I - a scroll of fear {unknown}
Potions
 d - 4 potions of curing
 e - 2 potions of resistance {unknown}
 f - a potion of magic
 k - 2 potions of cancellation {unknown}
 o - 4 potions of might
 q - 3 potions of brilliance {unknown}
 r - 2 potions of lignification {unknown}
 t - 6 potions of enlightenment {unknown}
 u - 3 potions of attraction {unknown}
 v - a potion of ambrosia {unknown}
 z - 3 potions of heal wounds {unknown}
 C - 3 potions of haste {unknown}
 G - 2 potions of mutation {unknown}


   Skills:
 - Level 2.9 Fighting
 + Level 6.3 Polearms
 + Level 8.0 Ranged Weapons
 + Level 9.1 Dodging
 + Level 12.7 Stealth
 - Level 2.8 Shields
 + Level 8.3 Spellcasting
 + Level 9.8 Summonings
 + Level 6.7 Invocations


You had 20 spell levels left.
You knew the following spells:

 Your Spells              Type           Power      Damage    Failure   Level
a - Summon Small Mammal   Summ           100%       N/A       1%          1
b - Summon Lightning Spi  Summ/Air       37%        N/A       7%          4
c - Call Canine Familiar  Summ           59%        N/A       1%          3

Your spell library contained the following spells:

 Spells                   Type           Power      Damage    Failure   Level
 Call Imp                 Summ           100%       N/A       1%          2
 Summon Guardian Golem    Hex/Summ       37%        N/A       1%          3


Dungeon Overview and Level Annotations

Branches:
Dungeon (10/15)            Temple (1/1) D:5            Lair (1/5) D:10
    Orc (0/2) D:9         Ossuary (visited)          Bailey (visited)

Altars:
Ashenzari
Cheibriados
Dithmenos
Elyvilon
Fedhas
Gozag
Hepliaklqana
Kikubaaqudgha
Makhleb
Nemelex Xobeh
Okawaru
Qazlal
Ru
Sif Muna
Trog
Uskayaw
Vehumet
Wu Jian
Xom
Yredelemnul
Zin
The Shining One

Shops:
D:2 :   D:6 [

Annotations:
D:7 2 transporters, cforsyth's ghost, novice DjCK
D:10 exclusion: ice statue


Innate Abilities, Weirdness & Mutations

You cannot wear most types of armour.
You are amphibious.
You can wear up to eight rings at the same time.
Your skin changes colour to match your surroundings (Stealth+).
Your rubbery body absorbs attacks. (AC +1, EV +1)
((You are camouflaged when in or above water. (Stealth+)))
You have tentacles for arms and can constrict up to eight enemies at once.


Message History

Your warg's corpse disappears in a puff of smoke!
Your lightning spire shoots out a bolt of lightning at the water moccasin!
The bolt of electricity hits the water moccasin!!
The water moccasin dies!
Casting: Summon Lightning Spire (dangerous; 7% risk of failure)
Confirm with . or Enter, or press ? or * to list all spells.
The skyshark bites you!!
* * * LOW HITPOINT WARNING * * *
The skyshark misses you. The skyshark barely misses you.
Your lightning spire shoots out a bolt of lightning at the skyshark!
The bolt of electricity hits the skyshark!
The bolt of electricity hits the skyshark.
The bolt of electricity hits your lightning spire.
Your lightning spire completely resists.
The skyshark bites your lightning spire but does no damage.
The skyshark tail-slaps your lightning spire! x2
Your magical contamination has completely faded away.
You are too injured to fight recklessly!
The skyshark bites your lightning spire.
The skyshark barely misses your lightning spire.
The skyshark tail-slaps your lightning spire!
Your lightning spire is destroyed!
Your lightning spire disappears in a puff of smoke!
Your warg bites the skyshark!
The skyshark barely misses your warg. The skyshark tail-slaps your warg.
The skyshark tail-slaps your warg but does no damage.
Casting: Call Canine Familiar (safe; 1% risk of failure)
Confirm with . or Enter, or press ? or * to list all spells.
You miscast Summon Lightning Spire.
You are very lightly contaminated with residual magic.
Nothing appears to happen.
The skyshark bites your warg!! The skyshark closely misses your warg.
The skyshark tail-slaps your warg!
Your warg dies!
Your warg's corpse disappears in a puff of smoke!
Casting: Summon Lightning Spire (dangerous; 7% risk of failure)
Confirm with . or Enter, or press ? or * to list all spells.
The skyshark bites you.
* * * LOW HITPOINT WARNING * * *
The skyshark tail-slaps you!
You die...

.#. .#..#.....†...... ...
............#..... ...
..#..#......#.....
$###.###+....###.†##.....
.........................
.....§...................
.........................
#PP#####l................
##@....#########...
#......# #... ...##h....#
##### #... .[.........#
#...# #...
....##.....###...# #...
... #...........# #... .
#.....#########...
#.....# ###P...
#.....######P##...


You could see a skyshark (berserk, ally target) and a friendly wolf (summoned).

Vanquished Creatures
  An orc warlord (Bailey)
  A two-headed ogre (D:9)
  3 cane toads (Lair:1)
  An ice devil (D:10)
  2 hornets
  A blink frog (Lair:1)
  3 yaks
  A wyvern (Lair:1)
  A warg (D:10)
  2 water moccasins (Lair:1)
  5 nameless horrors
  An orc warrior (Bailey)
  A sky beast (D:7)
  A black bear (D:7)
  An ogre (D:7)
  A centaur (D:9)
  A bullfrog (D:7)
  A kobold brigand (D:9)
  3 scorpions
  A howler monkey (D:4)
  6 orc priests
  2 iguanas
  2 orc wizards
  5 gnolls (D:4)
  A shadow imp (D:6)
  2 white imps
  3 ufetubi
  23 orcs
  2 ball pythons
  An endoplasm (D:3)
  3 giant cockroaches
  3 goblins
  4 hobgoblins
  3 jackals (D:4)
  8 kobolds
  A quokka (D:1)
  3 bats
  4 frilled lizards
  4 hobgoblin zombies (Ossuary)
  A kobold zombie (Ossuary)
  5 orc zombies (Ossuary)
  A rat (D:2)
  A rat zombie (Ossuary)
120 creatures vanquished.

Vanquished Creatures (collateral kills)
  A two-headed ogre (D:10)
  A boulder beetle (Lair:1)
  The ghost of Age the Peltast, a novice MiFi of Gozag (D:9)
  An orc knight (Bailey)
  A black mamba (Lair:1)
  Jeremiah (D:7)
  A torpor snail (Lair:1)
  5 ice devils (D:10)
  A komodo dragon (Lair:1)
  Grinder (D:6)
  3 blink frogs (Lair:1)
  2 dream sheep (Lair:1)
  13 yaks
  A wyvern (D:10)
  Grum (D:9)
  A warg (D:10)
  2 water moccasins (Lair:1)
  An acid dragon (D:10)
  4 ice beasts
  10 orc warriors
  2 sky beasts
  A black bear (D:6)
  2 wolves (D:9)
  4 ogres
  A centaur (D:10)
  A phantom (D:6)
  A kobold brigand (D:9)
  3 bullfrogs
  An elf zombie (Ossuary)
  A gnoll sergeant (D:9)
  3 wights (D:10)
  6 killer bees (D:8)
  4 howler monkeys
  4 jellies
  4 orc priests
  2 human zombies (Ossuary)
  2 hounds (D:5)
  A sleepcap (D:4)
  A gnoll bouda (D:4)
  2 iguanas
  7 orc wizards
  2 mummies (Ossuary)
  3 adders
  30 gnolls
  A shadow imp (D:8)
  4 ufetubi (D:10)
  An adder zombie (Ossuary)
  2 worms
  A dart slug (D:1)
  42 orcs
  A bat (D:3)
  A giant cockroach (D:4)
  A goblin (Bailey)
  4 hobgoblins
  8 jackals (D:4)
  12 kobolds
  2 quokkas
  3 ball pythons
  A frilled lizard (D:1)
  A goblin zombie (Ossuary)
  8 hobgoblin zombies (Ossuary)
  2 jackal zombies (Ossuary)
  7 kobold zombies (Ossuary)
  3 orc zombies (Ossuary)
  A rat zombie (Ossuary)
246 creatures vanquished.

Grand Total: 366 creatures vanquished

Notes
Turn   | Place    | Note
-------+----------+-------------------------------------------
     0 | D:1      | javelincjr the Octopode Summoner began the quest for the
                  | Orb.
     0 | D:1      | Reached XP level 1. HP: 11/11 MP: 3/3
   394 | D:1      | Reached skill level 3 in Stealth
   394 | D:1      | Reached XP level 2. HP: 17/17 MP: 1/5
   780 | D:2      | Found Funiysch's Book Shoppe.
   922 | D:2      | Found a faded altar of an unknown god.
  1220 | D:2      | Reached XP level 3. HP: 21/21 MP: 6/6
  1446 | D:3      | Learned a level 2 spell: Call Imp
  1451 | D:3      | Reached XP level 4. HP: 27/27 MP: 3/7
  1451 | D:3      | Learned a level 3 spell: Call Canine Familiar
  1584 | D:3      | Reached skill level 4 in Stealth
  1917 | D:3      | Found a large runed translucent door.
  1918 | D:3      | Found a large runed translucent door.
  1986 | D:3      | Found an iron altar of Okawaru.
  1996 | D:3      | Reached skill level 1 in Ranged Weapons
  1996 | D:3      | Reached XP level 5. HP: 31/31 MP: 3/9
  2005 | D:3      | Found a shadowy altar of Dithmenos.
  2366 | D:3      | Found Rail's Magic Scroll Shoppe.
  2739 | D:4      | Reached XP level 6. HP: 23/36 MP: 4/10
  3199 | D:4      | Reached skill level 5 in Summonings
  3202 | D:4      | Reached skill level 5 in Stealth
  3406 | D:4      | Reached XP level 7. HP: 41/41 MP: 2/12
  3723 | D:4      | Reached skill level 6 in Stealth
  4702 | D:5      | Entered Level 5 of the Dungeon
  4716 | D:5      | Reached XP level 8. HP: 17/46 MP: 8/14
  5260 | D:5      | Found a staircase to the Ecumenical Temple.
  5275 | Temple   | Entered the Ecumenical Temple
  5348 | Temple   | Became a worshipper of the Shining One
  5654 | D:5      | Reached skill level 7 in Stealth
  5781 | D:5      | Reached skill level 5 in Dodging
  5905 | D:5      | Identified the +1 chain mail "Capsin" {rF++ Regen+ Stlth-}
  6395 | D:6      | Found Badwes's Antique Armour Boutique.
  6460 | D:6      | Identified the +4 dagger "Heam" {holy, rElec}
  6485 | D:6      | Reached XP level 9. HP: 51/51 MP: 11/16
  6538 | D:6      | Reached skill level 5 in Spellcasting
  6566 | D:6      | Noticed Grinder
  6570 | D:6      | Learned a level 4 spell: Summon Lightning Spire
  6631 | D:6      | Killed Grinder
  6632 | D:6      | Reached skill level 8 in Stealth
  7072 | D:6      | Reached skill level 5 in Ranged Weapons
  7291 | D:6      | Found a shimmering blue altar of Sif Muna.
  7444 | D:6      | Reached * piety under the Shining One
  7723 | D:7      | Found a sand-covered staircase.
  8072 | Ossuary  | Entered an ossuary
  8183 | Ossuary  | Reached ** piety under the Shining One
  8267 | Ossuary  | Reached *** piety under the Shining One
  8492 | D:7      | Noticed Jeremiah
  8501 | D:7      | Killed Jeremiah
  8502 | D:7      | Reached skill level 9 in Stealth
  8697 | D:7      | Reached XP level 10. HP: 56/56 MP: 11/18
  8744 | D:7      | Found a transporter.
  8746 | D:7      | Found a transporter.
  8747 | D:7      | Noticed cforsyth's ghost (novice DjCK)
  8747 | D:7      | Identified the +6 dire flail "Bomeh" {drain, *Corrode
                  | Int+4}
  8747 | D:7      | Noticed a two-headed ogre
  8749 | D:7      | Reached **** piety under the Shining One
  8815 | D:7      | Reached skill level 1 in Invocations
  8951 | D:6      | HP: 2/56 [nameless horror[miscasting Summon Lightning
                  | Spire] (8)]
  9426 | D:7      | Reached skill level 1 in Polearms
 10925 | D:9      | Noticed a two-headed ogre
 10933 | D:9      | Killed a two-headed ogre
 11062 | D:9      | Found a staircase to the Orcish Mines.
 11239 | D:9      | Found a flagged portal.
 11251 | Bailey   | Entered a bailey
 11318 | Bailey   | Reached skill level 10 in Stealth
 11402 | Bailey   | Noticed an orc warlord
 11439 | Bailey   | Noticed an orc knight
 11636 | Bailey   | Killed an orc knight
 11980 | Bailey   | Found a runed translucent gate.
 11983 | Bailey   | Found a runed translucent gate.
 11985 | Bailey   | Found a runed translucent gate.
 12125 | Bailey   | Killed an orc warlord
 12126 | Bailey   | Reached XP level 11. HP: 61/61 MP: 9/21
 12175 | Bailey   | Reached skill level 11 in Stealth
 12175 | Bailey   | Reached skill level 5 in Invocations
 12175 | Bailey   | Reached XP level 12. HP: 72/72 MP: 17/23
 12455 | D:9      | Found a runed translucent gate.
 12456 | D:9      | Found a runed translucent gate.
 12458 | D:9      | Noticed Age's ghost (novice MiFi)
 12467 | D:9      | Noticed Grum
 12475 | D:9      | Killed Grum
 12902 | D:9      | Found a runed translucent gate.
 12912 | D:9      | Found the +2 pair of slick slippers {slick, slippery, EV+4}
 13031 | D:9      | Killed Age's ghost
 13032 | D:9      | Reached skill level 5 in Polearms
 13149 | D:10     | Entered Level 10 of the Dungeon
 13154 | D:10     | Noticed a two-headed ogre
 13167 | D:10     | Killed a two-headed ogre
 13495 | D:10     | Reached ***** piety under the Shining One
 13527 | D:10     | Reached skill level 12 in Stealth
 13949 | D:10     | Found a staircase to the Lair.
 14137 | D:10     | Identified the +1 whip "Jirghyde" {holy, Will+}
 14962 | Lair:1   | Entered Level 1 of the Lair of Beasts
 15157 | Lair:1   | Identified the +2 robe of Satisfaction {rCorr Str+3 Int+2}
 15351 | Lair:1   | Found a white marble altar of Elyvilon.
 15447 | Lair:1   | Noticed a boulder beetle
 15746 | Lair:1   | Killed a boulder beetle
 16050 | Lair:1   | Reached XP level 13. HP: 76/76 MP: 19/25
 16234 | Lair:1   | Slain by a skyshark

Illustrated notes

Levels and vault maps discovered:
D:1:      minmay_arrival_glassed_features, layout_basic
D:2:      layout_loops_ring, serial_shops, shop,
          hellmonk_ecumenical_altar_defaced_shrine
D:3:      layout_loops_ring, jmf_multi_god_temple2, serial_shops,
          nicolae_shop_rolled_up
D:4:      lemuel_castle_with_subvaults [lemuel_castle_interior_original],
          layout_basic
D:5:      layout_basic, minmay_temple_entry_statues_fountains,
          kennysheep_pointless_box
D:6:      layout_loops_ring, nicolae_sif_muna_condensation, grunt_decor_cap,
          nicolae_stop_n_shop_1, palyth_stone_intersect,
          kennysheep_small_spiral, small_statue_intersection, uniq_grinder
D:7:      layout_gridville, gammafunk_ghost_smash, enter_ossuary_2,
          uniq_jeremiah
D:8:      layout_basic
D:9:      layout_loops_ring, orc_0_dummy, enter_bailey_2,
          biasface_ghost_orc_armoury, uniq_grum
D:10:     cheibrodos_frozen_isle, layout_long_grid, erik_lair_orcish_takeover
Temple:   nicolae_temple_bog_church
Lair:1:   layout_regular_city, basic_altar

Skill      XL: |  1  2  3  4  5  6  7  8  9 10 11 12 13 |
---------------+----------------------------------------+-----
Stealth        | 3 4 5 6 7 9 10 11 12 | 12.7
Ranged Weapons | 1 2 3 4 5 6 7 8 |  8.0
Dodging        | 3 4 5 6 7 8 9 |  9.1
Spellcasting   | 3 4 5 6 7 8 |  8.3
Summonings     | 5 6 7 8 9 |  9.8
Invocations    | 3 5 6 |  6.7
Polearms       | 3 4 6 |  6.3
Fighting       | 2 |  2.9
Shields        | 2 |  2.8

Action                     |  1- 3 |  4- 6 |  7- 9 | 10-12 | 13-15 || total
---------------------------+-------+-------+-------+-------+-------++-------
  Melee: Unarmed           |     6 |     4 |       |       |       ||    10
         Constrict         |     3 |     2 |       |     3 |       ||     8
         Tentacles         |     1 |     2 |       |    15 |       ||    18
         Punch             |     1 |       |       |       |       ||     1
         Dagger            |       |       |       |    43 |     3 ||    46
         Trident           |       |       |       |     7 |       ||     7
         Halberd           |       |       |       |     1 |       ||     1
   Fire: Sling             |    26 |    98 |   173 |   252 |    14 ||   563
   Cast: Summon Small Mamm |    14 |     7 |    59 |     6 |       ||    86
         Call Imp          |     1 |    23 |    21 |       |       ||    45
         Call Canine Famil |       |    20 |    66 |    52 |     5 ||   143
         Summon Lightning  |       |       |     6 |    77 |     3 ||    86
 Invoke: Divine Shield     |       |       |       |     1 |       ||     1
  Evoke: Wand              |       |       |     2 |     1 |       ||     3
    Use: Scroll            |       |       |    13 |     5 |     1 ||    19
         Potion            |       |       |       |     2 |       ||     2
   Stab: Sleeping          |     2 |       |       |       |       ||     2
 Armour: Skin              |     9 |    30 |    41 |    82 |     9 ||   171
  Dodge: Dodged            |    11 |    35 |    61 |   133 |     8 ||   248

Table legend: (Time is in decaauts)
 A = Elapsed time spent in this place.
 B = Non-inter-level travel time spent in this place.
 C = Inter-level travel time spent in this place.
 D = Time resting spent in this place.
 E = Time spent auto-exploring this place.
 F = Levels seen in this place.
 G = Mean time per level.
                   A        B        C        D        E       F      G
               +--------+--------+--------+--------+--------+-----+--------+
         Total |  16318 |  15938 |    380 |   1976 |   9677 |  14 | 1165.6 |
       Dungeon |  13753 |  13397 |    356 |   1492 |   8816 |  10 | 1375.3 |
        Temple |     87 |     66 |     21 |      0 |      0 |   1 |   87.0 |
          Lair |   1133 |   1131 |      2 |    214 |    576 |   1 | 1133.0 |
       Ossuary |    375 |    375 |      0 |     72 |      0 |   1 |  375.0 |
        Bailey |    968 |    968 |      0 |    198 |    285 |   1 |  968.0 |
               +--------+--------+--------+--------+--------+-----+--------+

Top non-repeatable levels by time:
     D:4: 2177 daAuts
    D:10: 1957 daAuts
     D:5: 1705 daAuts
     D:6: 1632 daAuts
     D:7: 1536 daAuts
     D:9: 1308 daAuts
  Lair:1: 1133 daAuts
     D:3: 1132 daAuts
  Bailey: 968 daAuts
     D:8: 857 daAuts
     D:2: 821 daAuts
     D:1: 624 daAuts
 Ossuary: 375 daAuts
  Temple: 87 daAuts
